 Dungeon Crawl Stone Soup version 0.26-a0-812-g31a745ddcd (webtiles) character file.

Game seed: 564533874096834685

592 tognito the Cleaver (level 7, 0/57 HPs)
             Began as a Minotaur Berserker on Nov 20, 2020.
             Was a Priest of Trog.
             Splashed by Ijyb's acid (12 damage)
             ... on level 5 of the Dungeon on Nov 21, 2020.
             The game lasted 00:11:22 (4326 turns).

tognito the Cleaver (Minotaur Berserker)            Turns: 4326, Time: 00:11:23

Health: 0/57       AC:  8    Str: 24    XL:     7   Next: 16%
Magic:  15/15      EV: 11    Int:  4    God:    Trog [***...]
Gold:   190        SH:  0    Dex:  9    Spells: 6/6 levels left

rFire    + . .     SeeInvis .   t - +0 war axe (freeze)
rCold    . . .     Faith    .   (no shield)
rNeg     . . .     Spirit   .   h - +1 ring mail
rPois    .         Reflect  .   (helmet restricted)
rElec    .         Harm     .   k - +0 cloak
rCorr    .         Rampage  .   n - +0 pair of gloves
MR       .....                  (no boots)
Stlth    ..........             (no amulet)
HPRegen  0.19/turn              j - ring of magical power
MPRegen  0.14/turn              u - ring of protection from fire

@: no status effects
A: retaliatory headbutt, horns 2
a: Berserk, Trog's Hand, Renounce Religion


You were on level 5 of the Dungeon.
You worshipped Trog.
Trog was most pleased with you.
You visited 1 branch of the dungeon, and saw 5 of its levels.

You collected 190 gold pieces.

Inventory:

Hand Weapons
 a - a +1 war axe
 t - a +0 war axe of freezing (weapon)
Missiles
 d - 49 bolts
 p - 5 silver javelins
 q - 18 poisoned darts
 s - 6 curare-tipped darts
 w - 2 atropa-tipped darts (quivered)
Armour
 h - a +1 ring mail (worn)
 k - a +0 cloak (worn)
 n - a +0 pair of gloves (worn)
Jewellery
 j - a ring of magical power (left hand)
 u - a ring of protection from fire (right hand)
Wands
 b - a wand of random effects (21)
Scrolls
 c - 5 scrolls of identify
 g - a scroll of remove curse
 i - 2 scrolls of teleportation {unknown}
 l - 2 scrolls of random uselessness {unknown}
 m - a scroll of blinking {unknown}
 o - 2 scrolls of fog
 r - a scroll of magic mapping {unknown}
Potions
 e - a potion of might
 f - a potion of curing
 v - a potion of brilliance {unknown}


   Skills:
 - Level 3.6 Fighting
 * Level 9.9 Axes
 - Level 2.4 Armour
 - Level 2.1 Dodging


You had 6 spell levels left.
You didn't know any spells.
Your spell library was empty.

Dungeon Overview and Level Annotations

Branches:
Dungeon (5/15)
 Temple: D:4-7

Altars:
Elyvilon
Kikubaaqudgha
Trog
Yredelemnul

Annotations:
D:5 Ijyb


Innate Abilities, Weirdness & Mutations

You reflexively headbutt those who attack you in melee.
You have a pair of horns on your head.


Message History

Done exploring.
(D) Dungeon
Where to? (Enter - D:4, ? - help)
There is an open door here.
You see here a morningstar.
There is an open door here.
There is a stone staircase leading down here.
You climb downwards.
Ijyb and a zombie come into view.
Ijyb is carrying a wand of acid (7).
Ijyb shouts!
There is a stone staircase leading up here.
You hit Ijyb. You freeze Ijyb. Your headbutt misses Ijyb.
Ijyb is moderately wounded.
Ijyb zaps a wand.
The bolt of acid hits you!!
You are splashed with acid!
You slash Ijyb! You freeze Ijyb. You headbutt Ijyb, but do no damage.
Ijyb is almost dead.
Ijyb zaps a wand.
The bolt of acid hits you!
* * * LOW HITPOINT WARNING * * *
You are splashed with acid!
You die...

## .. #. #.. .
#...#####....
#...Z@.......
.......g.......
############.##


You could see Ijyb and a centaur zombie.

Vanquished Creatures
  Grinder (D:4)
  An ogre (D:4)
  An orc priest (D:3)
  A bullfrog skeleton (D:4)
  Jessica (D:3)
  3 worker ants (D:4)
  Robin (D:3)
  4 adders
  An adder skeleton (D:4)
  3 worms
  3 dart slugs
  5 leopard geckos
  8 orcs
  4 giant cockroaches
  9 goblins
  16 hobgoblins
  9 jackals
  4 kobolds
  A quokka (D:2)
  13 bats
  5 frilled lizards
  16 rats
110 creatures vanquished.

Vanquished Creatures (others)
  A frilled lizard (D:2)
  3 withered plants (D:3)
4 creatures vanquished.

Grand Total: 114 creatures vanquished

Notes
Turn   | Place    | Note
-------+----------+-------------------------------------------
     0 | D:1      | tognito the Minotaur Berserker began the quest for the Orb.
     0 | D:1      | Reached XP level 1. HP: 19/19 MP: 0/0
    38 | D:1      | Reached skill level 4 in Axes
    53 | D:1      | Reached XP level 2. HP: 12/26 MP: 1/1
   472 | D:1      | Reached skill level 5 in Axes
   542 | D:1      | Reached XP level 3. HP: 31/31 MP: 2/2
   976 | D:2      | Reached ** piety under Trog
  1527 | D:2      | Reached XP level 4. HP: 39/39 MP: 3/3
  1537 | D:2      | Reached skill level 6 in Axes
  1893 | D:2      | Found a white marble altar of Elyvilon.
  2218 | D:3      | Found an ancient bone altar of Kikubaaqudgha.
  2272 | D:3      | Reached XP level 5. HP: 43/45 MP: 4/4
  2275 | D:3      | Reached skill level 7 in Axes
  2400 | D:3      | Noticed Jessica
  2405 | D:3      | Killed Jessica
  2529 | D:3      | Noticed Robin
  2530 | D:3      | Reached *** piety under Trog
  2538 | D:3      | Killed Robin
  3111 | D:4      | Found a bloodstained altar of Trog.
  3273 | D:4      | Reached skill level 8 in Axes
  3434 | D:4      | Found a basalt altar of Yredelemnul.
  3444 | D:4      | Reached XP level 6. HP: 48/51 MP: 5/5
  3758 | D:4      | Reached skill level 9 in Axes
  4235 | D:4      | Noticed Grinder
  4238 | D:4      | Paralysed by Grinder for 2 turns
  4251 | D:4      | Killed Grinder
  4251 | D:4      | Reached XP level 7. HP: 52/57 MP: 6/6
  4324 | D:5      | Entered Level 5 of the Dungeon
  4324 | D:5      | Noticed Ijyb
  4326 | D:5      | Splashed by Ijyb's acid

Illustrated notes

Levels and vault maps discovered:
D:1:      onia_arrival_pentagram, layout_loops_ring, minmay_pentomino_w2
D:2:      layout_basic, serial_bayou_pond_d, elyvilon_altar_4
D:3:      layout_loops_ring, kiku_gazebo_garden_becter, kennysheep_potato,
          uniq_jessica, uniq_robin
D:4:      layout_loops_corners, lemuel_coloured_pillars_altar, kennysheep_mini,
          eino_small_chamber_without_monster, uniq_grinder
D:5:      layout_loops_ring, nicolae_ru_path_of_blood,
          gammafunk_temple_overflow_claw, serial_shops, shop, uniq_ijyb,
          uniq_eustachio

Skill      XL: |  1  2  3  4  5  6 |
---------------+-------------------+-----
Axes           | 4 5 6 8 9 |  9.9
Fighting       | |  3.6
Armour         | |  2.4
Dodging        | |  2.1

Action                   |  1- 3 |  4- 6 |  7- 9 || total
-------------------------+-------+-------+-------++-------
Melee: Hand axe          |    82 |     6 |       ||    88
       Headbutt          |     8 |    15 |     1 ||    24
       War axe           |       |   126 |     2 ||   128
Throw: Dart              |       |     2 |       ||     2
Invok: Berserk           |       |     1 |       ||     1
       Trog's Hand       |       |     1 |       ||     1
  Use: Potion            |     5 |     1 |       ||     6
       Scroll            |       |     5 |       ||     5
Armor: Animal skin       |    21 |       |       ||    21
       Ring mail         |     8 |    44 |       ||    52
Dodge: Dodged            |    71 |    73 |       ||   144

Table legend: (Time is in decaauts)
 A = Elapsed time spent in this place.
 B = Non-inter-level travel time spent in this place.
 C = Inter-level travel time spent in this place.
 D = Time resting spent in this place.
 E = Time spent auto-exploring this place.
 F = Levels seen in this place.
 G = Mean time per level.
                   A        B        C        D        E       F      G
               +--------+--------+--------+--------+--------+-----+--------+
         Total |   4351 |   4260 |     91 |     22 |   3560 |   5 |  870.2 |
       Dungeon |   4351 |   4260 |     91 |     22 |   3560 |   5 |  870.2 |
               +--------+--------+--------+--------+--------+-----+--------+

Top non-repeatable levels by time:
     D:4: 1356 daAuts
     D:3: 1043 daAuts
     D:2: 989 daAuts
     D:1: 961 daAuts
     D:5: 1 daAuts
